AoeStats
← Riopal88

Black Forest

510041657Analyzed
3v3 RM · 5d ago on Sep 29, 2026· 87m 13s· 6 players
Game mode
Random Map
Map size
Normal (6 player)
Population
200
Speed
Normal
Resources
Standard
Victory
Conquest
Starting age
Dark Age
Ending age
Imperial Age
RankedLock teamsTeams togetherTeam positionsShared explorationLock speedFull tech treeHidden civsTurbo modeCheats
Victory
Defeat
🇧🇷 Georgians · Brazil
939
+13
🇺🇸 Bohemians · United States
927
+13
🇦🇺 Burmese · Australia
857
+16
🇲🇽 Aztecs · Mexico
907
-16
🇱🇻 Romans · Latvia
881
-15
800
-11
Riopal88
5:10 Loom
11:44 Feudal Age
12:19 Double-Bit Axe
12:56 Horse Collar
13:55 Wheelbarrow
19:45 Castle Age
17:51 Fletching
18:48 Padded Archer Armor
19:02 Town Watch
19:57 Forging
19:43 Arson
20:36 Gold Mining
22:11 Squires
21:33 Eagle Warrior
25:20 Iron Casting
28:27 Bodkin Arrow
34:26 Hand Cart
38:46 Imperial Age
37:19 Leather Archer Armor
36:28 Elite Skirmisher
39:17 Heavy Plow
39:31 Bow Saw
40:13 Ballistics
40:54 Chemistry
40:40 Gold Shaft Mining
40:00 Stone Mining
40:30 Bracer
42:22 Blast Furnace
42:14 Conscription
43:05 Fervor
43:16 Sanctity
44:27 Atlatl
45:44 Caravan
47:06 Block Printing
46:18 Pikeman
46:57 Crossbowman
48:07 Scale Mail Armor
49:00 Fortified Wall
50:13 Redemption
50:30 Illumination
50:44 Theocracy
50:31 Chain Mail Armor
52:34 Plate Mail Armor
53:05 Treadmill Crane
52:53 Arbalester
63:58 Theocracy
72:33 Elite Eagle Warrior
c190
0:29 Loom
13:43 Feudal Age
14:30 Double-Bit Axe
14:37 Fishing Lines
21:49 Castle Age
20:39 Padded Archer Armor
20:30 Fletching
20:37 Stone Mining
20:47 Gold Mining
25:53 Pikeman
27:56 Caravan
30:09 Ballistics
30:32 Bow Saw
33:33 Scale Mail Armor
35:29 Ballistas
38:21 Imperial Age
38:26 Halberdier
39:24 Chain Mail Armor
39:25 Leather Archer Armor
39:36 Horse Collar
41:04 Capped Ram
42:13 Heavy Scorpion
44:32 Siege Ram
51:06 Ring Archer Armor
50:31 Bodkin Arrow
51:03 Scale Barding Armor
51:09 Forging
63:51 Gillnets
69:27 Chain Barding Armor
69:29 Bloodlines
68:47 Cavalier
71:52 Onager
☯︎ PΔTΔS DΞ STΞΞL ☯
0:47 Loom
18:13 Feudal Age
20:09 Wheelbarrow
19:15 Horse Collar
19:30 Double-Bit Axe
19:58 Gold Mining
20:00 Stone Mining
20:09 Arson
20:41 Forging
20:32 Scale Mail Armor
23:49 Castle Age
24:43 Squires
24:30 Gambesons
26:35 Caravan
28:06 Gold Shaft Mining
28:37 Heavy Plow
28:48 Bow Saw
29:45 Hand Cart
31:10 Stone Shaft Mining
32:14 Ballistics
31:50 Murder Holes
36:25 Imperial Age
35:23 Iron Casting
35:04 Chain Mail Armor
38:14 Blast Furnace
37:44 Plate Mail Armor
36:38 Capped Ram
36:40 Elite Varangian Guard
39:13 Siege Ram
43:53 Conscription
42:55 Elite Jomsviking
42:56 Northmen's Fury
42:58 Hamask
PsicoDelico
6:00 Loom
12:27 Feudal Age
12:59 Double-Bit Axe
13:09 Horse Collar
18:34 Castle Age
16:56 Gold Mining
20:01 Bow Saw
20:19 Stone Mining
21:18 Wheelbarrow
20:51 Heavy Plow
23:50 Stone Shaft Mining
25:41 Fletching
26:04 Forging
25:59 Scale Barding Armor
32:27 Imperial Age
30:52 Hand Cart
32:28 Town Watch
33:15 Svan Towers
34:26 Iron Casting
33:47 Bodkin Arrow
34:12 Chain Barding Armor
35:35 Husbandry
35:46 Bloodlines
36:20 Murder Holes
37:27 Chemistry
36:12 Arrowslits
36:54 Conscription
36:40 Aznauri Cavalry
37:22 Herbal Medicine
39:25 Caravan
41:43 Elite Monaspa
43:34 Blast Furnace
43:10 Plate Barding Armor
46:52 Pikeman
47:33 Squires
47:19 Gambesons
47:20 Arson
47:39 Scale Mail Armor
53:00 Town Patrol
57:23 Coinage
57:03 Bracer
57:11 Siege Engineers
57:17 Fortified Wall
57:17 Masonry
56:48 Treadmill Crane
57:28 Ballistics
60:50 Light Cavalry
68:39 Parthian Tactics
67:34 Heavy Cavalry Archer
68:37 Padded Archer Armor
68:53 Chain Mail Armor
69:11 Crop Rotation
70:06 Leather Archer Armor
70:25 Architecture
71:52 Banking
87:12 Spies/Treason
88:27 Hoardings
87:58 Svan Towers
kaiju
2:22 Loom
12:41 Feudal Age
13:27 Double-Bit Axe
17:32 Castle Age
19:51 Wheelbarrow
19:58 Bow Saw
19:35 Horse Collar
21:33 Fishing Lines
21:58 Heavy Plow
31:13 Imperial Age
30:31 Hand Cart
31:27 Chemistry
31:14 Padded Archer Armor
32:21 Leather Archer Armor
32:16 Siege Engineers
33:41 Ring Archer Armor
34:26 Two-Man Saw
34:44 Caravan
36:35 Ballistics
38:01 Houfnice
42:17 Elite Skirmisher
42:57 Pikeman
43:38 Squires
43:42 Arson
44:30 Halberdier
77:09 Murder Holes
77:50 Fletching
AussieHoon
1:49 Loom
11:40 Feudal Age
19:02 Castle Age
16:49 Horse Collar
18:40 Forging
21:00 Iron Casting
25:21 Wheelbarrow
26:01 Heavy Plow
27:21 Hand Cart
30:20 Bloodlines
32:04 Pikeman
32:45 Squires
32:56 Scale Barding Armor
32:55 Husbandry
34:23 Fletching
38:19 Imperial Age
35:51 Gold Mining
36:55 Chain Barding Armor
37:05 Manipur Cavalry
36:35 Man-at-Arms
37:09 Gambesons
37:28 Scale Mail Armor
38:26 Long Swordsman
38:38 Elite Battle Elephant
40:01 Stone Mining
40:42 Bodkin Arrow
41:39 Light Cavalry
44:33 Plate Barding Armor
45:01 Blast Furnace
43:57 Hussar
68:55 Fishing Lines
Connection lost

Rejoining the realm…

Still unreachable

The connection could not be restored.

Session expired

The server has moved on; the page needs a fresh start.